 Dungeon Crawl Stone Soup version 0.24.0-125-gc4c63601f3 (webtiles) character file.

Game seed: 13356487391264315590, levelgen mode: deterministic

44 Descartes the Magician (level 3, -2/19 HPs)
             Began as a Deep Elf Air Elementalist on Mar 19, 2020.
             Killed from afar by Sigmund (10 damage)
             ... with a puff of flame
             ... on level 2 of the Dungeon.
             The game lasted 00:04:31 (1339 turns).

Descartes the Magician (Deep Elf Air Elementalist)  Turns: 1339, Time: 00:04:32

Health: -2/19      AC:  2    Str:  5    XL:     3   Next: 41%
Magic:  2/10       EV: 13    Int: 20    God:
Gold:   118        SH:  0    Dex: 15    Spells: 8/9 levels left

rFire    . . .     SeeInvis .   o - +1 short sword (elec)
rCold    . . .     Gourm    .   (no shield)
rNeg     . . .     Faith    .   a - +0 robe
rPois    .         Spirit   .   (no helmet)
rElec    .         Reflect  .   (no cloak)
rCorr    .         Harm     .   (no gloves)
MR       .....                  (no boots)
Stlth    ++........             (no amulet)
HPRegen  0.06/turn              (no ring)
MPRegen  0.12/turn              (no ring)

@: very slightly contaminated
A: no striking features
a: no special abilities


You were on level 2 of the Dungeon.
You were very hungry.

You visited 1 branch of the dungeon, and saw 2 of its levels.

You collected 118 gold pieces.

Inventory:

Hand Weapons
 i - a +0 dagger of electrocution
 o - a +1 short sword of electrocution (weapon)
Missiles
 p - 29 stones (quivered)
Armour
 a - a +0 robe (worn)
Scrolls
 e - 2 scrolls of magic mapping {unknown}
 f - 2 scrolls of teleportation {unknown}
 g - a scroll of fear {unknown}
 h - a scroll of amnesia {unknown}
 j - a scroll of remove curse {unknown}
 l - a scroll of enchant weapon {unknown}
 r - a scroll of identify {unknown}
Potions
 b - a potion of heal wounds {unknown}
 d - a potion of resistance {unknown}
 k - a potion of curing {unknown}
 m - a potion of flight {unknown}
 n - 2 potions of might {unknown}
 q - 2 potions of agility {unknown}
Comestibles
 c - 5 rations


   Skills:
 + Level 3.0 Dodging
 + Level 3.1 Stealth
 + Level 3.5 Spellcasting
 + Level 1.8 Conjurations
 + Level 3.3 Air Magic


You had 8 spell levels left.
You knew the following spells:

 Your Spells              Type           Power        Failure   Level  Hunger
a - Shock                 Conj/Air       ##..         4%          1    None

Your spell library contained the following spells:

 Spells                   Type           Power        Failure   Level  Hunger
 Swiftness                Chrm/Air       ##......     11%         2    ##.....
 Static Discharge         Conj/Air       ##......     14%         3    ###....
 Airstrike                Air            ###.......   34%         4    ####...
 Lightning Bolt           Conj/Air       ##........   77%         5    ######.


Dungeon Overview and Level Annotations

Branches:
Dungeon (2/15)

Altars:

Annotations:
D:2 Sigmund


Message History

Sigmund shouts!
Sigmund zaps a wand.
The puff of flame hits you!
Ouch! That really hurt!
Casting: Shock (safe; 4% risk of failure)
Confirm with . or Enter, or press ? or * to list all spells.
Aiming: Shock (safe; 4% risk of failure)
Press: ? - help, Shift-Dir - straight line, f/p - Sigmund
Aim: Sigmund, wielding a +0 scythe, wearing a +0 robe and carrying a wand of flame (5) (lightly wounded)
The zap hits Sigmund.
Sigmund is lightly wounded.
Casting: Shock (safe; 4% risk of failure)
Confirm with . or Enter, or press ? or * to list all spells.
Aiming: Shock (safe; 4% risk of failure)
Press: ? - help, Shift-Dir - straight line, f/p - Sigmund
Aim: Sigmund, wielding a +0 scythe, wearing a +0 robe and carrying a wand of flame (5) (lightly wounded)
The zap hits Sigmund.
Sigmund is moderately wounded.
Sigmund zaps a wand.
The puff of flame hits you!
Ouch! That really hurt!
You die...

#.....# ##.. ........###.
#.....# ... .........###
####### ##.# ............
######..# ............
#......### #.###...####
#######.####...# #.
#...###. .....##.####...#
##......
..<............####
........
#######..)......@)#
....##.#
..####...............#.....
.## #...####...@. . ....#
.# #$..# .... ..##### .
#...# #.< # .... .. ......
# #### ###...# # #### # #


You could see Sigmund.

Vanquished Creatures
  A gnoll (D:1)
  2 dart slugs
  2 giant cockroaches
  3 goblins
  4 hobgoblins
  3 jackals (D:1)
  8 kobolds
  A ball python (D:2)
  3 frilled lizards (D:1)
  2 rats (D:1)
29 creatures vanquished.

Notes
Turn   | Place    | Note
-------+----------+-------------------------------------------
     0 | D:1      | Descartes the Deep Elf Air Elementalist began the quest for
                  | the Orb.
     0 | D:1      | Reached XP level 1. HP: 10/10 MP: 6/6
   195 | D:1      | Reached XP level 2. HP: 15/15 MP: 4/8
   630 | D:1      | Reached XP level 3. HP: 12/19 MP: 3/9
  1025 | D:2      | Noticed Sigmund
  1339 | D:2      | Killed from afar by Sigmund

Levels and vault maps discovered:
D:1:      dpeg_arrival_round_b, layout_rooms, serial_curves, eino_curves_02,
          eino_curves_04, eino_curves_03, solitary_fountain
D:2:      layout_rooms, uniq_sigmund

Skill      XL: |  1  2  3 |
---------------+----------+-----
Stealth        | 3 |  3.1
Dodging        | 3 |  3.0
Spellcasting   | |  3.5
Conjurations   | |  1.8
Air Magic      | |  3.3

Action                   || total
-------------------------++-------
 Cast: Shock             ||    71
Armor: Robe              ||     5
Dodge: Dodged            ||     5
